[Event "Late-Titled-Tuesday-Blitz-May-07-2024"]
[Site "Chess.com"]
[Date "2024.05.07"]
[Round "8"]
[White "Kirill_Klukin"]
[Black "secretworker2027"]
[Result "0-1"]
[WhiteElo "2811"]
[BlackElo "2676"]
[TimeControl "180+1"]
[EndTime "15:26:35 PDT"]
[Termination "secretworker2027 won by resignation"]

1. d4 d5 2. c4 c6 3. Nf3 Nf6 4. Nc3 a6 5. e3 Bf5 6. Bd3 Bxd3 7. Qxd3 e6 8. O-O Bb4 9. Ne2 O-O 10. a3 Ba5 11. b3 Ne4 12. Bb2 Nd7 13. Rac1 Bc7 14. Ng3 f5 15. cxd5 exd5 16. Ne5 Qe7 17. f4 Nxg3 18. hxg3 Nf6 19. Qxf5 Ne4 20. Qh3 Rf6 21.
Ng4 Rg6 22. Rf3 Rf8 23. Ne5 Bxe5 24. fxe5 Rxf3 25. gxf3 Rxg3+ 26. Qxg3 Nxg3 27. Kg2 Nf5 28. Re1 Qg5+ 0-1

[Event "Late-Titled-Tuesday-Blitz-May-07-2024"]
[Site "Chess.com"]
[Date "2024.05.07"]
[Round "8"]
[White "GianmarcoVaR"]
[Black "MagnusCarlsen"]
[Result "0-1"]
[WhiteElo "2788"]
[BlackElo "3199"]
[TimeControl "180+1"]
[EndTime "15:26:38 PDT"]
[Termination "MagnusCarlsen won by resignation"]

1. e4 b6 2. d4 Bb7 3. Bd3 d6 4. c3 Nd7 5. Nf3 e5 6. O-O Ngf6 7. Re1 g6 8. a4 a6 9. Nbd2 Bg7 10. dxe5 dxe5 11. Qc2 O-O 12. Bf1 Qe7 13. b3 Rfd8 14. Ba3 Qe8 15. a5 b5 16. c4 c6 17. c5 Nf8 18. b4 Bc8 19. Bb2 Nh5 20. Bc3 f6 21. g3 Bh6 22. Rad1 Be6 23. Nb1 Qf7 24. Rxd8 Rxd8 25. Bd2 Bxd2 26. Nbxd2 Ng7 27. Qc3 g5 28. Bd3 Qd7 29. Bc2 g4 30. Bb3 gxf3 31. Nxf3 Qd3 32. Bxe6+ Ngxe6 33. Rc1 Qxe4 0-1

[Event "Late-Titled-Tuesday-Blitz-May-07-2024"]
[Site "Chess.com"]
[Date "2024.05.07"]
[Round "8"]
[White "klifus"]
[Black "PNEPaul"]
[Result "1-0"]
[WhiteElo "2144"]
[BlackElo "1939"]
[TimeControl "180+1"]
[EndTime "15:26:42 PDT"]
[Termination "klifus won by resignation"]

1. Nf3 a6 2. c4 d6 3. d4 g6 4. Nc3 h6 5. g3 Nd7 6. Bg2 Bg7 7.
O-O e6 8. e4 Ne7 9. Be3 O-O 10. Qd2 Kh7 11. Rfe1 e5 12. Rad1 Qe8 13.
dxe5 dxe5 14. Nd5 Nxd5 15. cxd5 f5 16. exf5 gxf5 17. Nh4 e4 18. Bf4 Ne5 19. Bxe5 Bxe5 20. f3 Bf6 21. fxe4 Bxh4 22. exf5 Qf7 23. gxh4 Bxf5 24. Kh1 Rae8 25. Qb4 Rxe1+ 26. Rxe1 Rd8 27. Re7 1-0

[Event "Late-Titled-Tuesday-Blitz-May-07-2024"]
[Site "Chess.com"]
[Date "2024.05.07"]
[Round "8"]
[White "campochess"]
[Black "toninhojit"]
[Result "1-0"]
[WhiteElo "2184"]
[BlackElo "2593"]
[TimeControl "180+1"]
[EndTime "15:26:44 PDT"]
[Termination "campochess won by resignation"]

1. d4 Nf6 2. Bg5 e6 3. e4 h6 4. Bxf6 Qxf6 5. Nf3 d6 6. c4 e5 7. d5 Be7 8. Nc3 O-O 9. Be2 a5 10. O-O Qg6 11. Kh1 f5 12. Bd3 f4 13. c5 Bg4 14. cxd6 cxd6 15. Be2 Nd7 16. Rc1 Nc5 17. a3 Nxe4 18. Nb5 Nc5 19. Nxe5 dxe5 20. Bxg4 Kh8 21. d6 Bf6 22. Rxc5 e4 23. Bf5 Qe8 24.
d7 Qe7 25. Rc8 e3 26. fxe3 fxe3 27. Qe2 Bg5 28. Nc7 Raxc8 29. dxc8=Q Rxc8 30. Bxc8 Qxc7 31. Bf5 Qe5 32. Bc2 Qxb2 33. Qd3 g6 34. Qxg6 Qg7 35. Qe8+ Qg8 36. Rf8 1-0

[Event "Late-Titled-Tuesday-Blitz-May-07-2024"]
[Site "Chess.com"]
[Date "2024.05.07"]
[Round "8"]
[White "Flaccidmoves"]
[Black "protectiago"]
[Result "1-0"]
[WhiteElo "2375"]
[BlackElo "2068"]
[TimeControl "180+1"]
[EndTime "15:26:46 PDT"]
[Termination "Flaccidmoves won by checkmate"]

1. e4 e5 2. Nf3 Nc6 3. c3 a6 4. d4 exd4 5. cxd4 Bb4+ 6. Nc3 d6 7. d5 Bxc3+ 8. bxc3 Ne5 9. Nxe5 dxe5 10.
Be2 h6 11. O-O Nf6 12. Ba3 Bd7 13. f4 exf4 14. e5 Ne4 15. e6 Nxc3 16. Bh5 Bxe6 17.
dxe6 Qxd1 18. exf7+ Kd7 19. Raxd1+ Nxd1 20. Rxd1+ Ke6 21. Re1+ Kf6 22. Bb2+ Kg5 23. Re5+ Kh4 24. Bd4 g5 25. Bg6 Rhd8 26. Bf2+ Kg4 27. h3# 1-0

[Event "Late-Titled-Tuesday-Blitz-May-07-2024"]
[Site "Chess.com"]
[Date "2024.05.07"]
[Round "8"]
[White "RespectfulDaveOnYouTube"]
[Black "cycygogne"]
[Result "1-0"]
[WhiteElo "2409"]
[BlackElo "2169"]
[TimeControl "180+1"]
[EndTime "15:26:53 PDT"]
[Termination "RespectfulDaveOnYouTube won by resignation"]

1. d4 Nf6 2. Nc3 d5 3. Bf4 Bf5 4. f3 c6 5. g4 Bg6 6. h4 h5 7. g5 Nfd7 8. e3 e6 9. Bd3 Be7 10.
Bxg6 fxg6 11. Qd3 Kf7 12. Nge2 c5 13. O-O-O c4 14. Qd2 Qa5 15. e4 b5 16. exd5 exd5 17. Bxb8 Rhxb8 18. Qf4+ Kg8 19. Nxd5 Bf8 20. Qe4 Nb6 21.
Nf6+ gxf6 22. Qxg6+ Kh8 23. Qxh5+ Kg7 24. gxf6+ Kxf6 25. Nf4 c3 26. Qe5+ Kf7 27. Qe6+ Kg7 28. Rhg1+ Kh7 29. Qg8+ 1-0

[Event "Late-Titled-Tuesday-Blitz-May-07-2024"]
[Site "Chess.com"]
[Date "2024.05.07"]
[Round "8"]
[White "Fins0905"]
[Black "N_Mullodzhanov"]
[Result "1-0"]
[WhiteElo "2736"]
[BlackElo "2555"]
[TimeControl "180+1"]
[EndTime "15:27:01 PDT"]
[Termination "Fins0905 won by checkmate"]

1. c4 Nf6 2. g3 g6 3. Bg2 Bg7 4. Nc3 O-O 5. e4 d6 6. Nge2 c5 7. d3 Nc6 8. O-O e5 9. h3 h6 10. f4 Nd4 11. Nxd4 cxd4 12. Ne2 Nd7 13. f5 a5 14. g4 Nc5 15. Ng3 Qh4 16. Kh2 Bd7 17. b3 b5 18. Qf3 Qf6 19. g5 hxg5 20. Qg4 Bh6 21. h4 gxh4 22. Bxh6 hxg3+ 23. Kxg3 Nxd3 24. Rh1 Rfd8 25. Bg5 gxf5 26. Bxf6+ fxg4 27. Rh8# 1-0

[Event "Late-Titled-Tuesday-Blitz-May-07-2024"]
[Site "Chess.com"]
[Date "2024.05.07"]
[Round "8"]
[White "Romkachess"]
[Black "semchik90"]
[Result "1-0"]
[WhiteElo "2619"]
[BlackElo "2445"]
[TimeControl "180+1"]
[EndTime "15:27:02 PDT"]
[Termination "Romkachess won by resignation"]

1. e4 Nf6 2. e5 Nd5 3. c4 Nb6 4. d4 d6 5. exd6 cxd6 6. Nf3 g6 7. Nc3 Bg7 8. Be3 O-O 9. Rc1 Nc6 10. b3 Bf5 11. Be2 e5 12. O-O e4 13. Ng5 Re8 14.
d5 Ne5 15. Ngxe4 Nexc4 16. Bg5 Qd7 17. Nf6+ Bxf6 18. Bxf6 Ne5 19. Qd2 Bg4 20. Qh6 1-0

[Event "Late-Titled-Tuesday-Blitz-May-07-2024"]
[Site "Chess.com"]
[Date "2024.05.07"]
[Round "8"]
[White "maximnovik"]
[Black "Emp3rador"]
[Result "1-0"]
[WhiteElo "2495"]
[BlackElo "2622"]
[TimeControl "180+1"]
[EndTime "15:27:04 PDT"]
[Termination "maximnovik won by resignation"]

1. e4 d5 2. exd5 Qxd5 3. Nc3 Qd6 4. d4 Nf6 5. Bc4 a6 6. Nf3 b5 7. Be2 Bb7 8. O-O Nbd7 9. Re1 e6 10. Ne5 c5 11.
Bf3 Bxf3 12. Qxf3 Rd8 13. Bf4 cxd4 14. Nxf7 Qb6 15. Nxd8 Kxd8 16. Ne4 Nd5 17. Bg5+ Kc8 18. c3 dxc3 19. Nxc3 Nxc3 20. Qxc3+ Kb7 21. Rad1 Nb8 22. Rd8 Nc6 23. Re8 e5 24. Qf3 h6 25. Be3 Qc7 26. Rxf8 e4 27. Qf5 1-0

[Event "Late-Titled-Tuesday-Blitz-May-07-2024"]
[Site "Chess.com"]
[Date "2024.05.07"]
[Round "8"]
[White "DonMicheleCorleone"]
[Black "esrosenberg"]
[Result "1-0"]
[WhiteElo "2500"]
[BlackElo "2329"]
[TimeControl "180+1"]
[EndTime "15:27:04 PDT"]
[Termination "DonMicheleCorleone won by resignation"]

1. e4 c5 2. c3 g6 3. d4 cxd4 4. cxd4 d5 5. exd5 Nf6 6. Nc3 Bg7 7. Be2 O-O 8. Bf3 Nbd7 9. Nge2 Nb6 10. Nf4 g5 11.
Nh5 Nxh5 12. Bxh5 Nxd5 13. O-O h6 14. Re1 Be6 15. Bf3 Rc8 16. Bd2 b6 17. Be4 Re8 18. Qh5 Nxc3 19. Bxc3 Qd7 20. h3 Bf5 21. Re3 Bxe4 22. Rxe4 e6 23. Rae1 Qd5 24. h4 f5 25.
R4e3 g4 26. Qg6 Qxa2 27. d5 e5 28. Rxe5 Rf8 1-0

[Event "Late-Titled-Tuesday-Blitz-May-07-2024"]
[Site "Chess.com"]
[Date "2024.05.07"]
[Round "8"]
[White "gmcorrales"]
[Black "sofaceindisguise"]
[Result "1-0"]
[WhiteElo "2883"]
[BlackElo "2728"]
[TimeControl "180+1"]
[EndTime "15:27:08 PDT"]
[Termination "gmcorrales won by checkmate"]

1. e4 e5 2. Nf3 Nc6 3. d4 exd4 4. Nxd4 Bc5 5. Nb3 Bb4+ 6. Bd2 a5 7. a3 Bxd2+ 8. Qxd2 Nf6 9. Nc3 O-O 10. O-O-O Re8 11. f3 d6 12. g4 Be6 13. Nd4 Nxd4 14. Qxd4 Nd7 15. h4 Qf6 16. Qe3 Ne5 17. Be2 Nc4 18.
Bxc4 Bxc4 19. g5 Qe6 20. b3 Ba6 21. Nd5 Rac8 22. Kb1 c6 23. Nf4 Qe5 24. Nh5 d5 25. Rhg1 Kh8 26. f4 Qxe4 27. Qc3 Qg6 28. Ng3 Be2 29.
h5 Bxh5 30. f5 Bxd1 31. fxg6 Bg4 32. gxf7 Rf8 33. g6 Rcd8 34. Rh1 d4 35. Rxh7# 1-0

[Event "Late-Titled-Tuesday-Blitz-May-07-2024"]
[Site "Chess.com"]
[Date "2024.05.07"]
[Round "8"]
[White "KebabJangles"]
[Black "Balla_Tamas"]
[Result "0-1"]
[WhiteElo "2369"]
[BlackElo "2528"]
[TimeControl "180+1"]
[EndTime "15:27:09 PDT"]
[Termination "Balla_Tamas won by checkmate"]

1. d4 d5 2. c4 e6 3. Nf3 c5 4. cxd5 exd5 5. Nc3 Nc6 6. dxc5 d4 7. Na4 Bxc5 8.
Nxc5 Qa5+ 9. Bd2 Qxc5 10. Rc1 Qb6 11. Qc2 Nf6 12. e3 O-O 13. Be2 Bg4 14. O-O Rad8 15. Qb1 d3 16. Bd1 Ne4 17. Bc3 Rfe8 18. h3 Bh5 19. Nd2 Bxd1 20. Rfxd1 Nxf2 21. Kxf2 Qxe3+ 22. Kf1 Nd4 23. Re1 Ne2 24. Rcd1 Ng3# 0-1

[Event "Late-Titled-Tuesday-Blitz-May-07-2024"]
[Site "Chess.com"]
[Date "2024.05.07"]
[Round "8"]
[White "howitzer14"]
[Black "HipsterChess22"]
[Result "1-0"]
[WhiteElo "3015"]
[BlackElo "2212"]
[TimeControl "180+1"]
[EndTime "15:27:09 PDT"]
[Termination "howitzer14 won by resignation"]

1. d4 d5 2. Bf4 e6 3. e3 c5 4. Nd2 Nc6 5. c3 cxd4 6. exd4 Bd6 7. Bg3 Nf6 8. Ngf3 O-O 9. Bd3 h6 10. Qe2 a6 11. O-O b5 12. Ne5 Bb7 13. a3 Na5 14.
Bh4 Be7 15. f4 Nc4 16. Bxf6 Bxf6 17. Ndf3 Rc8 18. Rae1 Re8 19. Bb1 a5 20. Qc2 Kf8 21. g4 b4 22. axb4 axb4 23. g5 hxg5 24. fxg5 Bxg5 25.
Nxf7 Kxf7 26. Nxg5+ Ke7 27. Rxe6+ Kd7 28. Rf7+ 1-0

[Event "Late-Titled-Tuesday-Blitz-May-07-2024"]
[Site "Chess.com"]
[Date "2024.05.07"]
[Round "8"]
[White "yaguigor"]
[Black "mbojan"]
[Result "0-1"]
[WhiteElo "2592"]
[BlackElo "2881"]
[TimeControl "180+1"]
[EndTime "15:27:13 PDT"]
[Termination "mbojan won on time"]

1. e4 a6 2. d4 e6 3. Nf3 d5 4. e5 c5 5. c3 Bd7 6. Be2 cxd4 7. Nxd4 Nc6 8. f4 Nxd4 9. cxd4 Qb6 10. Nc3 Nh6 11.
g4 f5 12. exf6 gxf6 13. O-O Rg8 14. g5 Nf5 15. Bh5+ Kd8 16. Ne2 h6 17. Kh1 hxg5 18. fxg5 fxg5 19. Rg1 Be7 20. a3 Rc8 21. b4 Kc7 22.
Bd2 Kb8 23. Rc1 Rc4 24. Bf3 Nxd4 25. Be3 Rxc1 26. Nxc1 Bf6 27. Nb3 e5 28. Bxd4 exd4 29. Nc5 Bc8 30. Bxd5 Re8 0-1

[Event "Late-Titled-Tuesday-Blitz-May-07-2024"]
[Site "Chess.com"]
[Date "2024.05.07"]
[Round "8"]
[White "schondeln"]
[Black "dennisodessa"]
[Result "1/2-1/2"]
[WhiteElo "2357"]
[BlackElo "2538"]
[TimeControl "180+1"]
[EndTime "15:27:13 PDT"]
[Termination "Game drawn by stalemate"]

1. e4 e6 2. d4 d5 3. exd5 exd5 4. Nf3 Nf6 5. Bd3 Bd6 6. Qe2+ Be6 7. Ng5 Qe7 8. Nxe6 Qxe6 9. Qxe6+ fxe6 10. O-O O-O 11.
Re1 Re8 12. Nd2 Nbd7 13. Nf3 e5 14. dxe5 Nxe5 15. Nxe5 Bxe5 16. Re2 Re7 17. Bf4 Rae8 18. Bxe5 Rxe5 19. Rxe5 Rxe5 20. Kf1 Kf7 21. c3 c5 22.
Rd1 h6 23. Be2 b6 24. Bf3 Ke7 25. g3 Kd6 26. h4 b5 27. Re1 a5 28. Rxe5 Kxe5 29.
Ke2 b4 30. Bg2 Ne4 31. Bxe4 Kxe4 32. f3+ Ke5 33. Ke3 h5 34. a3 d4+ 35. cxd4+ cxd4+ 36. Kd3 bxa3 37. bxa3 Kd5 38. a4 Kc5 39. g4 Kb4 40. gxh5 Kxa4 41. f4 Kb3 42. f5 a4 43.
h6 gxh6 44. f6 a3 45. f7 a2 46. f8=Q a1=Q 47. Qb8+ Ka2 48. Qa7+ Kb1 49. Qxa1+ Kxa1 50. Kxd4 Kb2 51. h5 Kb3 52. Ke5 Kc4 53. Kf6 Kd5 54.
Kg6 Ke6 55. Kxh6 Kf7 56. Kh7 Kf8 57. h6 Kf7 58. Kh8 Kf8 59. Kh7 Kf7 60. Kh8 Kf8 61. h7 Kf7 1/2-1/2

[Event "Late-Titled-Tuesday-Blitz-May-07-2024"]
[Site "Chess.com"]
[Date "2024.05.07"]
[Round "8"]
[White "Noki102"]
[Black "MyDream003"]
[Result "0-1"]
[WhiteElo "2572"]
[BlackElo "2824"]
[TimeControl "180+1"]
[EndTime "15:27:15 PDT"]
[Termination "MyDream003 won by checkmate"]

1. d4 Nf6 2. Nc3 d5 3. Bf4 c6 4. e3 Bf5 5. Nf3 h6 6. Ne5 Nbd7 7. g4 Bh7 8. h4 e6 9. g5 Ne4 10. g6 fxg6 11. Nxe4 dxe4 12. Qg4 Qf6 13. Bh3 Bd6 14. Nxg6 Bxg6 15. Bxd6 Bf5 16. Qg3 O-O-O 17. O-O-O g6 18. Bf1 Qf7 19. Bc4 Nb6 20. Bb3 Rhg8 21. Qe5 Rge8 22. Bb8 a6 23. Ba7 Nd7 24. Qf4 Qf8 25.
a4 h5 26. a5 Bg4 27. Qg3 Qf5 28. Rd2 Qxa5 29. Qd6 Qa1# 0-1

[Event "Late-Titled-Tuesday-Blitz-May-07-2024"]
[Site "Chess.com"]
[Date "2024.05.07"]
[Round "8"]
[White "ExchangeAB"]
[Black "miraitrunks"]
[Result "1-0"]
[WhiteElo "2416"]
[BlackElo "2249"]
[TimeControl "180+1"]
[EndTime "15:27:18 PDT"]
[Termination "ExchangeAB won by resignation"]

1. d4 d5 2. Bf4 Bf5 3. e3 e6 4. c4 c6 5. Nc3 Nf6 6. cxd5 exd5 7. Bd3 Bxd3 8. Qxd3 Bd6 9. Bxd6 Qxd6 10. Nf3 O-O 11. O-O Re8 12. Rab1 a5 13. a3 Nbd7 14. b4 axb4 15.
axb4 Ra3 16. Qc2 Nb6 17. Ne5 Nfd7 18. Nxd7 Qxd7 19. b5 Nc4 20. bxc6 bxc6 21. Na4 Qg4 22. Nc5 g6 23. h3 Qg5 24. Ra1 Nxe3 25. fxe3 Qxe3+ 26. Kh1 Rxa1 27. Rxa1 Qxd4 28. Rd1 Qf4 29. Qd2 Qg3 30.
Nd7 Re6 31. Rf1 Kg7 32. Qd4+ Kh6 33. Nf6 Re1 34. Qd2+ Qe3 35. Qxe3+ Rxe3 36. Ng4+ 1-0

[Event "Late-Titled-Tuesday-Blitz-May-07-2024"]
[Site "Chess.com"]
[Date "2024.05.07"]
[Round "8"]
[White "banjadvorovi"]
[Black "chess_sharparchitect"]
[Result "1-0"]
[WhiteElo "2474"]
[BlackElo "2290"]
[TimeControl "180+1"]
[EndTime "15:27:25 PDT"]
[Termination "banjadvorovi won on time"]

1. d4 Nf6 2. Nc3 d5 3. Nf3 c6 4. Bg5 Bf5 5. e3 Nbd7 6. Bd3 Ne4 7. Bxe4 Bxe4 8. Nxe4 dxe4 9. Nd2 f5 10. h4 Nf6 11. c4 e6 12. h5 h6 13. Bf4 Bd6 14. Bxd6 Qxd6 15. Qb3 b6 16. O-O-O O-O 17. f3 c5 18.
fxe4 cxd4 19. exf5 dxe3 20. Qxe3 exf5 21. Rhe1 Rfe8 22.
Qf3 Rac8 23. Rxe8+ Rxe8 24. Qxf5 Re2 25. Ne4 Qc7 26.
Nxf6+ gxf6 27. Qg6+ Kf8 28. Qxf6+ Ke8 29. Qg6+ Kf8 30.
Qxh6+ Ke8 31. Qh8+ Ke7 32. Qg7+ 1-0

[Event "Late-Titled-Tuesday-Blitz-May-07-2024"]
[Site "Chess.com"]
[Date "2024.05.07"]
[Round "8"]
[White "JaackCamel"]
[Black "Andrii_Prydun"]
[Result "0-1"]
[WhiteElo "2212"]
[BlackElo "2412"]
[TimeControl "180+1"]
[EndTime "15:27:26 PDT"]
[Termination "Andrii_Prydun won by checkmate"]

1. d4 Nf6 2. c4 c5 3. d5 e5 4.
Nc3 d6 5. e4 Nbd7 6. Be2 Be7 7.
g4 b5 8. cxb5 a6 9. bxa6 Bxa6 10. h3 c4 11. Nf3 Nc5 12. Qc2 O-O 13. O-O Rb8 14. Be3 Nd3 15. Bxd3 cxd3 16. Qd2 Qc8 17. Rfb1 Nxg4 18. Ne1 Nf6 19. Kg2 Nh5 20. Nxd3 f5 21. Ne1 f4 22. Qd1 fxe3 23. Qxh5 Rxf2+ 24. Kg3 Rbxb2 25. Rxb2 Rxb2 26. Rc1 Qf8 27. Qg4 Qf2# 0-1

[Event "Late-Titled-Tuesday-Blitz-May-07-2024"]
[Site "Chess.com"]
[Date "2024.05.07"]
[Round "8"]
[White "GWR2024"]
[Black "Der_Balak_3Halak"]
[Result "0-1"]
[WhiteElo "2173"]
[BlackElo "2400"]
[TimeControl "180+1"]
[EndTime "15:27:28 PDT"]
[Termination "Der_Balak_3Halak won by resignation"]

1. e4 d5 2. exd5 Nf6 3. d4 Nxd5 4. c4 Nf6 5. Nc3 Bg4 6. Be2 Bxe2 7. Ngxe2 e6 8. O-O Nbd7 9. d5 exd5 10. Nxd5 Nxd5 11. cxd5 Bd6 12. Bf4 Bxf4 13. Nxf4 O-O 14.
Qg4 Nf6 15. Qg5 h6 16. Qf5 g6 17. Qd3 Qd6 18. g3 Rad8 19. Rad1 g5 20. Ng2 Nxd5 21. Qb3 Qc6 22. Rc1 Qb6 23. Qc2 Qf6 24. Qb3 b6 25. Rc4 Rfe8 26. Rfc1 c5 27. a3 Re2 28. Rf1 Rde8 29.
h4 Qf5 30. hxg5 hxg5 31. Rcc1 Nf6 32. Ne3 R8xe3 33. fxe3 Qh3 34. Rf2 Qxg3+ 0-1

[Event "Late-Titled-Tuesday-Blitz-May-07-2024"]
[Site "Chess.com"]
[Date "2024.05.07"]
[Round "8"]
[White "LUISMIGUELOV"]
[Black "Fore_Man"]
[Result "1-0"]
[WhiteElo "2216"]
[BlackElo "2266"]
[TimeControl "180+1"]
[EndTime "15:27:35 PDT"]
[Termination "LUISMIGUELOV won on time"]

1. e4 e6 2. b3 d5 3. Bb2 dxe4 4. Nc3 Nf6 5. g4 b6 6. Bg2 Bb7 7. Qe2 Nbd7 8. g5 Nd5 9. Nxe4 Nf4 10. Qf3 Nxg2+ 11. Qxg2 Rb8 12. O-O-O Nc5 13. f3 Qd5 14. d3 a5 15. Ne2 Qf5 16. h4 a4 17. Nxc5 Bxc5 18.
Bxg7 Bxf3 19. Qf1 Rg8 20. Bf6 axb3 21. axb3 Ra8 22. Kb2 Bxh1 23. Qxf5 exf5 24. Rxh1 Be7 25. Bc3 Kd7 26. Rf1 1-0

[Event "Late-Titled-Tuesday-Blitz-May-07-2024"]
[Site "Chess.com"]
[Date "2024.05.07"]
[Round "8"]
[White "VictorFcQNK"]
[Black "Mariia89"]
[Result "0-1"]
[WhiteElo "2090"]
[BlackElo "2222"]
[TimeControl "180+1"]
[EndTime "15:27:36 PDT"]
[Termination "Mariia89 won by checkmate"]

1. d4 Nf6 2. Nf3 c5 3. e3 cxd4 4. exd4 d5 5. Bd3 Bg4 6. h3 Bh5 7. c3 Nc6 8. Bf4 e6 9. Nbd2 Bd6 10. Bxd6 Qxd6 11. Qb3 O-O 12. Qxb7 Rab8 13. Qa6 Rxb2 14.
Bb5 Bxf3 15. Nxf3 Qf4 16. Qxc6 Qe4+ 17. Kf1 Qc2 18. Ke1 Qxf2+ 19. Kd1 Qc2+ 20. Ke1 Qf2+ 21. Kd1 Qxg2 22. Rf1 Ne4 23. Bd3 Nf2+ 24. Rxf2 Qxf2 25. Kc1 Rfb8 26. Ng5 Qd2# 0-1

[Event "Late-Titled-Tuesday-Blitz-May-07-2024"]
[Site "Chess.com"]
[Date "2024.05.07"]
[Round "8"]
[White "Statham_01"]
[Black "Indefatigable11"]
[Result "0-1"]
[WhiteElo "2610"]
[BlackElo "2412"]
[TimeControl "180+1"]
[EndTime "15:27:38 PDT"]
[Termination "Indefatigable11 won by resignation"]

1. g4 e5 2. Bg2 d6 3. d4 exd4 4. Qxd4 Nc6 5. Qa4 Bd7 6. h3 h5 7. gxh5 Rxh5 8. Nf3 Nf6 9. Nc3 g6 10. Bf4 Bg7 11. O-O-O Qc8 12. h4 Ra5 13. Qc4 Be6 14.
Qd3 Nb4 15. Qe3 Ng4 16. Qe4 Bxc3 17. bxc3 Nxa2+ 18. Kd2 Nxf2 19. Qd4 Rd5 20. h5 Rxd4+ 21. Nxd4 Nxh1 22. h6 Nf2 23. Rf1 Ng4 24. h7 Kd7 25. Bg5 c6 26. Bh3 Qh8 27. Bxg4 Qxh7 28. Nxe6 fxe6 29. Ra1 Qh2 30. Rxa2 Qg2 31. Ra4 Qd5+ 32.
Ke1 Qxg5 0-1

[Event "Late-Titled-Tuesday-Blitz-May-07-2024"]
[Site "Chess.com"]
[Date "2024.05.07"]
[Round "8"]
[White "Magicmaster17"]
[Black "nabukatnezarr"]
[Result "1-0"]
[WhiteElo "2887"]
[BlackElo "2594"]
[TimeControl "180+1"]
[EndTime "15:27:41 PDT"]
[Termination "Magicmaster17 won by resignation"]

1. d4 Nf6 2. Nf3 e6 3. Bg5 Be7 4. Nbd2 h6 5. Bh4 d5 6. e3 b6 7.
c3 O-O 8. Ne5 Nfd7 9. Nxd7 Bxd7 10. Bg3 c5 11. Bd3 Nc6 12. O-O Bf6 13. Qe2 e5 14. dxc5 e4 15. Ba6 bxc5 16. Bb7 Ne5 17. Bxa8 Qxa8 18. Bxe5 Bxe5 19. c4 Rb8 20. Rab1 d4 21.
exd4 Bxd4 22. Nxe4 Bf5 23. Rfe1 Rb6 24. Kh1 Rg6 25. f3 Kh7 26. Rbd1 Bd7 27. b4 Ba4 28. Rd2 Re6 29. Qf1 Bc6 30. Nxc5 Rxe1 31. Qxe1 Bxc5 32. bxc5 g6 33. Qe7 1-0

[Event "Late-Titled-Tuesday-Blitz-May-07-2024"]
[Site "Chess.com"]
[Date "2024.05.07"]
[Round "8"]
[White "jcibarra"]
[Black "LikeWater"]
[Result "0-1"]
[WhiteElo "2919"]
[BlackElo "2722"]
[TimeControl "180+1"]
[EndTime "15:27:43 PDT"]
[Termination "LikeWater won by resignation"]

1. e4 e5 2. Nf3 d6 3. d4 exd4 4. Nxd4 Nf6 5. Nc3 Be7 6. g3 O-O 7. Bg2 c6 8. O-O Na6 9. h3 Nc5 10. Re1 a5 11. g4 Re8 12. g5 Nfd7 13. f4 Nb6 14. b3 a4 15. Be3 d5 16. e5 Ne6 17. Nde2 Bb4 18. Bf2 Nxf4 19. Rf1 Nxg2 20. Kxg2 Qxg5+ 21. Kh1 Bxh3 22. Rg1 Qh6 23. Qc1 Qh5 24.
Qg5 Bg2+ 25. Kxg2 Qxg5+ 26. Kf1 Qxe5 27. Bd4 Qf5+ 0-1

[Event "Late-Titled-Tuesday-Blitz-May-07-2024"]
[Site "Chess.com"]
[Date "2024.05.07"]
[Round "8"]
[White "rionelG"]
[Black "merinasian"]
[Result "0-1"]
[WhiteElo "2285"]
[BlackElo "2467"]
[TimeControl "180+1"]
[EndTime "15:27:48 PDT"]
[Termination "merinasian won by resignation"]

1. e4 d6 2. d4 Nd7 3. c4 g6 4. Nc3 Bg7 5. Be2 e5 6. d5 Ne7 7. Be3 O-O 8. g4 f5 9. gxf5 gxf5 10. f3 fxe4 11. fxe4 Ng6 12. Nf3 Nf6 13. Qd2 Ng4 14.
Bg5 Bf6 15. Bxf6 Qxf6 16. h3 Nh4 17. hxg4 Nxf3+ 18. Bxf3 Qxf3 19. Qh2 Rf7 20. Kd2 Bxg4 21. Raf1 Qxf1 22. Rxf1 Rxf1 23. Qg2 Rf4 24. Ne2 Raf8 25. Nxf4 Rxf4 26. Qg3 Rxe4 27. Qh4 Rxc4 28. Qd8+ Kf7 29.
Qh8 Bf5 30. Qb8 b6 31. Qxa7 Rc5 32. Ke3 h5 33. Qb8 h4 34. Qh8 h3 35. Qh5+ Kf6 36.
Qh6+ Bg6 37. Qxh3 Rxd5 38. Qh4+ Ke6 39. Qc4 c5 40. Qb5 Rd3+ 41. Ke2 e4 42. Qxb6 Ke5 43.
Qd8 Bh5+ 44. Kf2 Bf3 45. Qe7+ Kd5 46. Qg7 Kc4 47. Qe5 dxe5 48. b3+ Kc3 49. Kg3 Rd2 0-1

[Event "Late-Titled-Tuesday-Blitz-May-07-2024"]
[Site "Chess.com"]
[Date "2024.05.07"]
[Round "8"]
[White "Mischuk_D"]
[Black "cristianserban1"]
[Result "1-0"]
[WhiteElo "2808"]
[BlackElo "2638"]
[TimeControl "180+1"]
[EndTime "15:27:50 PDT"]
[Termination "Mischuk_D won on time"]

1. d4 Nf6 2. c4 e6 3. g3 d5 4. Bg2 dxc4 5. Qa4+ Nbd7 6. Qxc4 a6 7. Be3 b5 8. Qc1 Rb8 9. Nd2 Bb7 10. Bxb7 Rxb7 11. Ngf3 Nd5 12. Nb3 Nxe3 13. Qxe3 Nb6 14. O-O Nc4 15. Qc1 Qd5 16. Nbd2 Nxd2 17. Qxd2 c5 18.
Rac1 Rd7 19. Qa5 cxd4 20. Rc8+ Ke7 21. Qxa6 g5 22. Rd1 Bg7 23. Rxh8 Bxh8 24. Qa3+ Ke8 25.
Qd3 g4 26. Nd2 f5 27. Nb3 h5 28. Qd2 Rh7 29. Qg5 Kf7 30. Rc1 Qd7 31. Qf4 e5 32. Qd2 Bf6 33. Qa5 1-0

[Event "Late-Titled-Tuesday-Blitz-May-07-2024"]
[Site "Chess.com"]
[Date "2024.05.07"]
[Round "8"]
[White "MKlose11"]
[Black "ImportedItalianMaple"]
[Result "0-1"]
[WhiteElo "2662"]
[BlackElo "2552"]
[TimeControl "180+1"]
[EndTime "15:27:50 PDT"]
[Termination "ImportedItalianMaple won by resignation"]

1. e4 g6 2. d4 Bg7 3. Nc3 d5 4.
Nxd5 c6 5. Ne3 Qxd4 6. Qxd4 Bxd4 7. c3 Bb6 8. Nc4 Bc7 9. Be3 Nf6 10. f3 Nbd7 11.
a4 O-O 12. Ne2 Ne5 13. Nxe5 Bxe5 14. Nf4 b6 15. Nd3 Bc7 16. Nb4 Bb7 17. Na6 Bd6 18. Kf2 Rfd8 19. Be2 c5 20. Rhd1 Bxh2 21. g3 Nh5 22. g4 Nf4 23. Rh1 Bg3+ 24. Kxg3 Nxe2+ 25. Kf2 Bxa6 26. a5 Bc4 27. b3 Bd3 28. Rh2 Nxc3 29. Rah1 Bxe4 30. Rxh7 Nd1+ 31. Rxd1 Rxd1 0-1

[Event "Late-Titled-Tuesday-Blitz-May-07-2024"]
[Site "Chess.com"]
[Date "2024.05.07"]
[Round "8"]
[White "Walter_White_Poland"]
[Black "LeninGuerra"]
[Result "0-1"]
[WhiteElo "2418"]
[BlackElo "2647"]
[TimeControl "180+1"]
[EndTime "15:27:50 PDT"]
[Termination "LeninGuerra won by resignation"]

1. e4 c5 2. Nf3 e6 3. d4 cxd4 4.
Nxd4 Nc6 5. c4 Qc7 6. Nc3 a6 7. Be3 Nf6 8. Rc1 Qb8 9. Bd3 Bd6 10. Qf3 Ne5 11. Qe2 Neg4 12. Bg5 h6 13. Bxf6 Nxf6 14. Nd5 exd5 15. exd5+ Kf8 16. O-O Bxh2+ 17.
Kh1 Qe5 18. g3 Qxd4 19. Kxh2 d6 20. Rce1 Bg4 21. f3 Re8 22. Qd2 Rxe1 23. Qxe1 Qxd3 24.
fxg4 h5 25. g5 h4 26. gxh4 Ng4+ 27. Kg2 Ne3+ 0-1

[Event "Late-Titled-Tuesday-Blitz-May-07-2024"]
[Site "Chess.com"]
[Date "2024.05.07"]
[Round "8"]
[White "AlexeiShirov"]
[Black "LiemLe"]
[Result "1-0"]
[WhiteElo "2905"]
[BlackElo "3053"]
[TimeControl "180+1"]
[EndTime "15:27:55 PDT"]
[Termination "AlexeiShirov won by checkmate"]

1. e4 c5 2. Nf3 d6 3. d4 cxd4 4. Nxd4 Nf6 5. Nc3 Bd7 6. Bg5 e6 7. Qd2 h6 8. Bxf6 Qxf6 9. Ndb5 Bxb5 10. Bxb5+ Nc6 11. O-O-O Be7 12. f4 O-O 13. g4 g5 14. f5 Ne5 15. Rhf1 Qg7 16. h3 Rac8 17. Kb1 a6 18. Bd3 Bf6 19. Ne2 Rfd8 20. Ng3 Qh8 21. Nh5 Be7 22. c3 b5 23. a3 Rb8 24.
Bc2 a5 25. fxe6 fxe6 26. Bb3 Nc4 27. Qf2 Rf8 28. Qa7 Qh7 29. Ka2 a4 30. Bxc4 bxc4 31.
Qd7 Qxe4 32. Qxe7 Rxf1 33. Qg7# 1-0